AoeStats
← Chico_zaldivar

Arabia

510849556Analyzed
1v1 RM · 17h ago on Oct 2, 2026· 23m 0s· 2 players
Game mode
Random Map
Map size
Tiny (2 player)
Population
200
Speed
Normal
Resources
Standard
Victory
Conquest
Starting age
Dark Age
Ending age
Imperial Age
RankedLock teamsTeams togetherTeam positionsShared explorationLock speedFull tech treeHidden civsTurbo modeCheats
Victory
Defeat
🇮🇹 Poles · Italy
853
+15
🇨🇱 Inca · Chile
821
-30
Chico_zaldivar
1:03 Loom
10:55 Feudal Age
11:41 Double-Bit Axe
15:49 Champi Runner
18:01 Arson
21:11 Forging
bonum90
0:30 Loom
3:33 Loom
12:27 Feudal Age
12:30 Man-at-Arms
22:39 Castle Age
Connection lost

Rejoining the realm…

Still unreachable

The connection could not be restored.

Session expired

The server has moved on; the page needs a fresh start.